Staline vs Saguenéens
(R1)
Created - March 10, 2018 at 22:25
Goals
|
| Staline |
0 |
1 |
1 |
2 |
| Saguenéens |
2 |
1 |
4 |
7 |
|
Shots
|
| Staline |
8 |
9 |
7 |
24 |
| Saguenéens |
12 |
6 |
13 |
31 |
|
1st period
1. Saguenéens , Nikita Kucherov 43 (Juraj Mikus 39) at 10:39 (PP)
2. Saguenéens , Tanner Richard 5 (Mason Raymond 47, Carson Mcmillan 27) at 15:53
Penalties :
Mike Reilly (StJ) for Tripping (Minor) at 0:53, Nikita Kucherov (Chi) for Tripping (Minor) at 4:15, Mike Reilly (StJ) for Roughing (Minor) at 9:26, Tanner Richard (Chi) for Slashing (Minor) at 12:49
2nd period
3. Staline , Brock Nelson 39 (David Desharnais 39, Jordan Caron 18) at 5:47
4. Saguenéens , Teemu Pulkkinen 9 (Dalton Prout 8) at 13:06
Penalties :
Mike Reilly (StJ) for Hooking (Minor) at 2:04, Luke Witkowski (Chi) for Goalie Interference (Minor) at 9:18, Mason Raymond (Chi) for Hooking (Minor) at 15:32
3rd period
5. Saguenéens , Mason Raymond 32 (Dalton Prout 9, Nikita Kucherov 31) at 0:21
6. Saguenéens , Mason Raymond 33 (Carson Mcmillan 28, Zac Rinaldo 60) at 0:48 (PP)
7. Saguenéens , Luke Witkowski 5 (Mason Raymond 48, Carson Mcmillan 29) at 5:00 (PP)
8. Saguenéens , Tanner Richard 6 (Craig Cunningham 15, Rhett Rakhshani 16) at 16:16
9. Staline , Brock Nelson 40 (Nick Spaling 24) at 16:28 (SH)
Penalties :
Dustin Kohn (StJ) for Boarding (Minor) at 0:24, Philip Larsen (StJ) for Roughing (Minor) at 4:44, Juraj Mikus (Chi) for Holding (Minor) at 7:07, Marek Zagrapan (StJ) for Hooking (Minor) at 12:20, Mike Reilly (StJ) for Tripping (Minor) at 16:21
Goalie Stats
Darcy Kuemper (StJ), 18 saves from 23 shots - (0.783), L, 1-6-0, 40:48 minutes
Allen York (StJ), 6 saves from 8 shots - (0.750), 19:12 minutes
Mike Smith (Chi), 22 saves from 24 shots - (0.917), W, 30-15-0, 60:00 minutes
Players Stats for Staline
Player Name G A P +/- PIM S H SB GA TA FO MP PP MP PK MP
------------------------------------------------------------------------------------
Andrey Pedan 0 0 0 -1 0 0 1 0 0 1 0/0 10:31 0:00 0:00
Barclay Goodrow 0 0 0 0 0 0 0 0 0 0 0/0 0:00 0:00 0:00
Brock Nelson 2 0 2 1 0 3 1 2 0 1 1/1 20:12 4:49 5:27
Bryan Bickell 0 0 0 -1 0 1 0 0 0 0 0/0 9:22 0:00 1:22
Charles Hudon 0 0 0 0 0 0 0 0 0 0 0/0 1:10 0:00 1:10
Corey Trivino 0 0 0 -1 0 0 2 0 0 0 3/4 8:00 0:00 0:00
Danny Kristo 0 0 0 -1 0 2 1 0 0 0 0/0 8:00 0:00 0:00
David Desharnais 0 1 1 0 0 2 4 0 0 0 2/6 17:29 4:49 3:00
David Musil 0 0 0 -1 0 1 1 0 0 0 0/0 5:03 0:00 1:07
Dustin Kohn 0 0 0 0 2 3 3 1 2 0 0/0 28:36 5:34 5:27
James Sheppard 0 0 0 0 0 1 0 1 0 1 0/0 9:33 0:00 0:00
Jiri Sekac 0 0 0 0 0 0 0 0 0 0 0/0 0:21 0:11 0:00
Jordan Caron 0 1 1 0 0 0 3 1 0 0 0/1 14:02 4:49 0:00
Jordan Szwarz 0 0 0 0 0 2 4 0 0 0 0/1 9:54 0:11 0:00
Lars Eller 0 0 0 -2 0 3 3 0 0 0 9/27 20:32 4:55 3:00
Marek Zagrapan 0 0 0 0 2 1 1 0 0 0 3/5 9:55 0:00 0:00
Mike Reilly 0 0 0 -1 8 1 1 2 1 0 0/0 16:41 4:21 1:03
Nick Spaling 0 1 1 -1 0 2 0 1 1 0 4/14 22:54 4:55 5:26
Nikita Nesterov 0 0 0 -1 0 1 0 0 0 0 0/0 13:43 0:00 2:16
Peter Holland 0 0 0 0 0 0 0 0 0 0 0/0 0:54 0:11 0:13
Philip Larsen 0 0 0 1 2 1 0 0 1 2 0/0 26:51 5:34 5:51
Tyler Pitlick 0 0 0 -2 0 0 1 0 0 0 3/3 17:05 4:55 0:00
Viktor Loov 0 0 0 -1 0 0 1 2 1 1 0/0 19:16 4:21 3:54
Players Stats for Saguenéens
Player Name G A P +/- PIM S H SB GA TA FO MP PP MP PK MP
------------------------------------------------------------------------------------
Brett Lebda 0 0 0 1 0 2 2 3 0 1 0/0 28:43 5:49 5:47
Brody Sutter 0 0 0 0 0 0 0 0 0 0 0/0 0:34 0:11 0:00
Carl Hagelin 0 0 0 0 0 0 3 0 0 0 1/2 13:09 3:40 0:00
Carson Mcmillan 0 3 3 0 0 2 1 0 2 1 3/6 22:22 5:58 5:25
Craig Cunningham 0 1 1 1 0 2 3 0 0 0 0/0 11:32 0:02 1:53
Dalton Prout 0 2 2 1 0 1 2 1 0 0 0/0 29:02 5:49 6:11
Henrik Samuelsson 0 0 0 0 0 0 0 0 0 1 1/1 7:22 0:00 0:00
Jake McCabe 0 0 0 1 0 1 1 0 0 0 0/0 25:06 3:43 4:23
Jerry D'Amigo 0 0 0 0 0 1 1 0 0 0 0/0 7:53 0:09 0:00
Juraj Mikus 0 1 1 0 2 2 1 0 0 0 5/9 13:21 3:40 0:00
Luke Witkowski 1 0 1 1 2 2 2 0 0 0 0/0 25:57 3:43 3:14
Mason Raymond 2 2 4 1 2 6 3 1 0 1 2/2 22:56 5:58 4:20
Mikhail Grigorenko 0 0 0 0 0 0 0 0 0 0 0/0 3:49 0:29 0:50
Nick Mattson 0 0 0 0 0 0 0 2 0 0 0/0 9:29 0:17 0:15
Nikita Kucherov 1 1 2 1 2 4 0 1 1 1 1/4 18:09 3:40 1:47
Rhett Rakhshani 0 1 1 1 0 2 3 0 1 0 2/2 11:33 0:00 2:16
Tanner Richard 2 0 2 2 2 2 5 0 0 0 4/8 10:21 0:00 0:00
Teemu Pulkkinen 1 0 1 0 0 3 1 0 1 1 0/0 8:10 0:00 0:43
Zac Rinaldo 0 1 1 0 0 1 2 0 1 0 18/28 20:32 5:57 2:36
3 Stars
1 - Mason Raymond (Chi)
2 - Tanner Richard (Chi)
3 - Carson Mcmillan (Chi)
Power Play
Staline - 0 on 5 Attempt(s) - 0.00%
Saguenéens - 3 on 7 Attempt(s) - 42.86%
Penalty Kill
Staline - 4 on 7 Attempt(s) - 57.14%
- Score 1 goal in Penalty Kill
Saguenéens - 5 on 5 Attempt(s) - 100.00%
- Score 0 goal in Penalty Kill
Team Stat
Staline - Hits : 27 - Faceoff Wins : 25 - Blocked Shots : 10 - Penalty Minutes : 14
Saguenéens - Hits : 30 - Faceoff Wins : 37 - Blocked Shots : 8 - Penalty Minutes : 10
Official
Referees : Kozari Steve and Peel Tim
Linesman : Lyle Seitz and Ryan Galloway
Game Notes
Allen York enters game at 0:48 of 3rd period
Finance
Level 1 -- Attendance: 1516 (75.80%) -- Ticket Income $60,640
Level 2 -- Attendance: 757 (75.70%) -- Ticket Income $15,140
Total Attendance: 2273 (75.77%)
Total Ticket Income: $75,780
Other Income: $3,789
Total Income: $79,569
Staline
5 vs 5 Forward
Center Left Wing Right Wing Time % Phy DF OF
1 Lars Eller Nick Spaling Tyler Pitlick 40 1 2 2
2 David Desharnais Brock Nelson Jordan Caron 30 1 2 2
3 Marek Zagrapan James Sheppard Jordan Szwarz 20 1 2 2
4 Corey Trivino Bryan Bickell Danny Kristo 10 1 2 2
5 vs 5 Defense
Defense Defense Time % Phy DF OF
1 Dustin Kohn Philip Larsen 40 1 2 2
2 Viktor Loov Mike Reilly 30 1 2 2
3 Andrey Pedan Nikita Nesterov 20 1 2 2
4 David Musil Dustin Kohn 10 1 2 2
PowerPlay Forward
Center Left Wing Right Wing Time % Phy DF OF
1 Lars Eller Nick Spaling Tyler Pitlick 60 1 2 2
2 David Desharnais Brock Nelson Jordan Caron 40 1 2 2
PowerPlay Defense
Defense Defense Time % Phy DF OF
1 Dustin Kohn Philip Larsen 60 1 2 2
2 Viktor Loov Mike Reilly 40 1 2 2
Penalty Kill 4 Players Forward
Center Wing Time % Phy DF OF
1 Nick Spaling Brock Nelson 60 1 2 2
2 Lars Eller David Desharnais 40 1 2 2
Penalty Kill 4 Players Defense
Defense Defense Time % Phy DF OF
1 Dustin Kohn Philip Larsen 60 1 2 2
2 Viktor Loov Mike Reilly 40 1 2 2
Penalty Kill - 3 Players Forward
Forward Time % Phy DF OF
1 Nick Spaling 60 1 2 2
2 Brock Nelson 40 1 2 2
Penalty Kill - 3 Players Defense
Defense Defense Time % Phy DF OF
1 Dustin Kohn Philip Larsen 60 1 2 2
2 Viktor Loov Mike Reilly 40 1 2 2
4 vs 4 Forward
Center Wing Time % Phy DF OF
1 Nick Spaling Brock Nelson 60 1 2 2
2 Lars Eller David Desharnais 40 1 2 2
4 vs 4 Defense
Defense Defense Time % Phy DF OF
1 Dustin Kohn Philip Larsen 60 1 2 2
2 Viktor Loov Mike Reilly 40 1 2 2
Last Minutes Offensive
Center Left Wing Right Wing Defense Defense
Lars Eller Nick Spaling Tyler Pitlick Dustin Kohn Philip Larsen
Last Minutes Defensive
Center Left Wing Right Wing Defense Defense
Lars Eller Nick Spaling Tyler Pitlick Dustin Kohn Philip Larsen
Goaltenders
Starting : Darcy Kuemper
Backup : Allen York
Extra Forwards
Normal : Peter Holland, Jiri Sekac, Charles Hudon - PP : Peter Holland, Jiri Sekac - PK : Charles Hudon
Extra Defensemen
Normal : Andrey Pedan, Nikita Nesterov, David Musil - PP : Andrey Pedan - PK : Nikita Nesterov, David Musil
Penalty Shots
Nick Spaling, Brock Nelson, Lars Eller, David Desharnais, Tyler Pitlick
Scratches
Stu Bickel (Right Ankle Injury), Joni Ortio (Healthy), Sean Maguire (Healthy)
Saguenéens
5 vs 5 Forward
Center Left Wing Right Wing Time % Phy DF OF
1 Zac Rinaldo Mason Raymond Nikita Kucherov 40 1 2 2
2 Juraj Mikus Carl Hagelin Carson Mcmillan 30 1 2 2
3 Tanner Richard Craig Cunningham Rhett Rakhshani 20 1 2 2
4 Henrik Samuelsson Teemu Pulkkinen Jerry D'Amigo 10 1 2 2
5 vs 5 Defense
Defense Defense Time % Phy DF OF
1 Dalton Prout Brett Lebda 40 1 2 2
2 Luke Witkowski Jake McCabe 30 1 2 2
3 Nick Mattson Dalton Prout 20 1 2 2
4 Brett Lebda Luke Witkowski 10 1 2 2
PowerPlay Forward
Center Left Wing Right Wing Time % Phy DF OF
1 Zac Rinaldo Mason Raymond Carson Mcmillan 60 1 2 2
2 Juraj Mikus Carl Hagelin Nikita Kucherov 40 1 2 2
PowerPlay Defense
Defense Defense Time % Phy DF OF
1 Dalton Prout Brett Lebda 60 1 2 2
2 Luke Witkowski Jake McCabe 40 1 2 2
Penalty Kill 4 Players Forward
Center Wing Time % Phy DF OF
1 Carson Mcmillan Mason Raymond 60 1 2 2
2 Nikita Kucherov Zac Rinaldo 40 1 2 2
Penalty Kill 4 Players Defense
Defense Defense Time % Phy DF OF
1 Dalton Prout Brett Lebda 60 1 2 2
2 Luke Witkowski Jake McCabe 40 1 2 2
Penalty Kill - 3 Players Forward
Forward Time % Phy DF OF
1 Carson Mcmillan 60 1 2 2
2 Mason Raymond 40 1 2 2
Penalty Kill - 3 Players Defense
Defense Defense Time % Phy DF OF
1 Dalton Prout Brett Lebda 60 1 2 2
2 Luke Witkowski Jake McCabe 40 1 2 2
4 vs 4 Forward
Center Wing Time % Phy DF OF
1 Carson Mcmillan Mason Raymond 60 1 2 2
2 Nikita Kucherov Zac Rinaldo 40 1 2 2
4 vs 4 Defense
Defense Defense Time % Phy DF OF
1 Dalton Prout Brett Lebda 60 1 2 2
2 Luke Witkowski Jake McCabe 40 1 2 2
Last Minutes Offensive
Center Left Wing Right Wing Defense Defense
Zac Rinaldo Mason Raymond Carson Mcmillan Dalton Prout Brett Lebda
Last Minutes Defensive
Center Left Wing Right Wing Defense Defense
Zac Rinaldo Mason Raymond Carson Mcmillan Dalton Prout Brett Lebda
Goaltenders
Starting : Mike Smith
Backup : Martin Jones
Extra Forwards
Normal : Mikhail Grigorenko, Brody Sutter, Rhett Rakhshani - PP : Mikhail Grigorenko, Brody Sutter - PK : Rhett Rakhshani
Extra Defensemen
Normal : Nick Mattson, Jake McCabe, Dalton Prout - PP : Nick Mattson - PK : Jake McCabe, Dalton Prout
Penalty Shots
Carson Mcmillan, Mason Raymond, Nikita Kucherov, Zac Rinaldo, Carl Hagelin
Scratches
Patrick Sieloff (Healthy), Artur Gavrus (Healthy), Calle Andersson (Healthy), Nicholas Walters (Healthy), Garret Sparks (Healthy)
% Time on Ice - Staline
Lines # - Real PCT - Wanted PCT - Time Play
Normal Forward
1 - 32% - 40% - 13:03
2 - 24% - 30% - 9:40
3 - 24% - 20% - 9:33
4 - 20% - 10% - 8:00
Normal Defense
1 - 41% - 40% - 16:23
2 - 27% - 30% - 11:01
3 - 26% - 20% - 10:31
4 - 6% - 10% - 2:21
PP Forward
1 - 51% - 60% - 5:06
2 - 49% - 40% - 4:49
PP Defense
1 - 56% - 60% - 5:34
2 - 44% - 40% - 4:21
PK Forward
1 - 69% - 60% - 6:49
2 - 31% - 40% - 3:00
PK Defense
1 - 60% - 60% - 5:55
2 - 40% - 40% - 3:54
PK3 Forward
1 - 0% - 60%
2 - 0% - 40%
PK3 Defense
1 - 0% - 60%
2 - 0% - 40%
44 Forward
1 - 0% - 60%
2 - 0% - 40%
44 Defense
1 - 0% - 60%
2 - 0% - 40%
Last Minute Offensive - 0:00
Last Minute Defensive - 0:00
Total
Forward - 60:00
Defense - 60:00
|
% Time on Ice - Saguenéens
Lines # - Real PCT - Wanted PCT - Time Play
Normal Forward
1 - 35% - 40% - 14:08
2 - 24% - 30% - 9:29
3 - 23% - 20% - 9:17
4 - 18% - 10% - 7:22
Normal Defense
1 - 34% - 40% - 13:45
2 - 40% - 30% - 16:12
3 - 17% - 20% - 6:52
4 - 9% - 10% - 3:27
PP Forward
1 - 63% - 60% - 6:09
2 - 37% - 40% - 3:40
PP Defense
1 - 62% - 60% - 6:06
2 - 38% - 40% - 3:43
PK Forward
1 - 74% - 60% - 7:19
2 - 26% - 40% - 2:36
PK Defense
1 - 53% - 60% - 5:17
2 - 47% - 40% - 4:38
PK3 Forward
1 - 0% - 60%
2 - 0% - 40%
PK3 Defense
1 - 0% - 60%
2 - 0% - 40%
44 Forward
1 - 0% - 60%
2 - 0% - 40%
44 Defense
1 - 0% - 60%
2 - 0% - 40%
Last Minute Offensive - 0:00
Last Minute Defensive - 0:00
Total
Forward - 60:00
Defense - 60:00
|
Play by Play
1st period
0:01 of 1st period - Zac Rinaldo wins face-off versus Lars Eller in neutral zone.
0:14 of 1st period - Icing by Philip Larsen.
0:15 of 1st period - Tyler Pitlick wins face-off versus Carl Hagelin in Staline zone.
0:20 of 1st period - Slapshot by Juraj Mikus.
0:20 of 1st period - Shot Misses the Net.
0:22 of 1st period - Snap shot by Luke Witkowski.
0:22 of 1st period - Stopped by Darcy Kuemper with a rebound.
0:24 of 1st period - Wrist shot by Carson Mcmillan.
0:24 of 1st period - Stopped by Darcy Kuemper without a rebound.
0:25 of 1st period - Juraj Mikus wins face-off versus David Desharnais in Staline zone.
0:53 of 1st period - Minor Penalty to Mike Reilly for Tripping.
0:54 of 1st period - Nick Spaling wins face-off versus Carson Mcmillan in Staline zone.
1:04 of 1st period - Wrist shot by Mason Raymond.
1:04 of 1st period - Stopped by Darcy Kuemper without a rebound.
1:05 of 1st period - Zac Rinaldo wins face-off versus Nick Spaling in Staline zone.
1:36 of 1st period - Wrist shot by Nikita Kucherov.
1:36 of 1st period - Stopped by Darcy Kuemper with a rebound.
1:38 of 1st period - Snap shot by Juraj Mikus.
1:38 of 1st period - Shot Misses the Net.
2:11 of 1st period - Icing by Luke Witkowski.
2:12 of 1st period - Zac Rinaldo wins face-off versus Lars Eller in Saguenéens zone.
2:12 of 1st period - Zac Rinaldo is hit by Lars Eller.
2:28 of 1st period - Wrist shot by Brock Nelson.
2:28 of 1st period - Shot Misses the Net.
2:53 of 1st period - Penalty to Mike Reilly is over, Mike Reilly is back on ice.
3:29 of 1st period - Icing by Andrey Pedan.
3:30 of 1st period - Nikita Kucherov wins face-off versus Corey Trivino in Staline zone.
3:31 of 1st period - Wrist shot by Mason Raymond.
3:31 of 1st period - Stopped by Darcy Kuemper without a rebound.
3:32 of 1st period - Zac Rinaldo wins face-off versus Lars Eller in Staline zone.
3:35 of 1st period - Wrist shot by Nikita Kucherov.
3:35 of 1st period - Shot Misses the Net.
3:45 of 1st period - Snap shot by Lars Eller.
3:45 of 1st period - Stopped by Mike Smith without a rebound.
3:46 of 1st period - Brock Nelson wins face-off versus Zac Rinaldo in Saguenéens zone.
4:15 of 1st period - Minor Penalty to Nikita Kucherov for Tripping.
4:16 of 1st period - Carson Mcmillan wins face-off versus Lars Eller in Saguenéens zone.
4:16 of 1st period - Carson Mcmillan is hit by Lars Eller.
4:31 of 1st period - Wrist shot by Lars Eller.
4:31 of 1st period - Stopped by Mike Smith with a rebound.
4:41 of 1st period - David Desharnais is hit by Zac Rinaldo and loses puck.
5:10 of 1st period - Carson Mcmillan is hit by David Desharnais and loses puck.
6:08 of 1st period - Icing by David Desharnais.
6:09 of 1st period - Rhett Rakhshani wins face-off versus David Desharnais in Staline zone.
6:15 of 1st period - Penalty to Nikita Kucherov is over, Nikita Kucherov is back on ice.
6:22 of 1st period - Snap shot by James Sheppard.
6:22 of 1st period - Stopped by Mike Smith with a rebound.
7:16 of 1st period - Snap shot by Corey Trivino.
7:16 of 1st period - Deflect By Danny Kristo.
7:16 of 1st period - Shot Misses the Net.
7:16 of 1st period - Puck is out of play.
7:17 of 1st period - Rhett Rakhshani wins face-off versus Lars Eller in Saguenéens zone.
8:03 of 1st period - Snap shot by Marek Zagrapan.
8:03 of 1st period - Shot Misses the Net.
8:05 of 1st period - Snap shot by Philip Larsen.
8:05 of 1st period - Stopped by Mike Smith without a rebound.
8:06 of 1st period - Carl Hagelin wins face-off versus Lars Eller in Saguenéens zone.
8:15 of 1st period - Snap shot by Juraj Mikus.
8:15 of 1st period - Stopped by Darcy Kuemper with a rebound.
8:17 of 1st period - Slapshot by Brett Lebda.
8:17 of 1st period - Shot Misses the Net.
8:19 of 1st period - Slapshot by Brett Lebda.
8:19 of 1st period - Stopped by Darcy Kuemper with a rebound.
8:21 of 1st period - Slapshot by Brett Lebda.
8:21 of 1st period - Stopped by Darcy Kuemper with a rebound.
8:23 of 1st period - Wrist shot by Brett Lebda.
8:23 of 1st period - Shot Misses the Net.
8:25 of 1st period - Wrist shot by Carson Mcmillan.
8:25 of 1st period - Shot Blocked by Nick Spaling.
8:59 of 1st period - Slapshot by Dustin Kohn.
8:59 of 1st period - Stopped by Mike Smith without a rebound.
9:00 of 1st period - Lars Eller wins face-off versus Zac Rinaldo in Saguenéens zone.
9:03 of 1st period - Snap shot by Lars Eller.
9:03 of 1st period - Shot Blocked by Nikita Kucherov.
9:26 of 1st period - Minor Penalty to Mike Reilly for Roughing.
9:27 of 1st period - Nick Spaling wins face-off versus Zac Rinaldo in Staline zone.
9:44 of 1st period - Dustin Kohn is hit by Mason Raymond and loses puck.
10:23 of 1st period - Snap shot by Carson Mcmillan.
10:23 of 1st period - Shot Misses the Net.
10:27 of 1st period - Wrist shot by Carson Mcmillan.
10:27 of 1st period - Stopped by Darcy Kuemper without a rebound.
10:28 of 1st period - Juraj Mikus wins face-off versus Nick Spaling in Staline zone.
10:37 of 1st period - Snap shot by Juraj Mikus.
10:37 of 1st period - Stopped by Darcy Kuemper without a rebound.
10:38 of 1st period - Juraj Mikus wins face-off versus Nick Spaling in Staline zone.
10:39 of 1st period - Slapshot by Nikita Kucherov.
10:39 of 1st period - Goal by Nikita Kucherov - Staline : 0 - Saguenéens : 1.
10:40 of 1st period - Zac Rinaldo wins face-off versus Lars Eller in neutral zone.
11:05 of 1st period - Brett Lebda is hit by Jordan Caron and loses puck.
11:30 of 1st period - Luke Witkowski is hit by Marek Zagrapan.
12:03 of 1st period - Slapshot by Danny Kristo.
12:03 of 1st period - Stopped by Mike Smith without a rebound.
12:04 of 1st period - Lars Eller wins face-off versus Juraj Mikus in Saguenéens zone.
12:49 of 1st period - Minor Penalty to Tanner Richard for Slashing.
12:50 of 1st period - Carson Mcmillan wins face-off versus Lars Eller in Saguenéens zone.
13:26 of 1st period - Off-side.
13:27 of 1st period - David Desharnais wins face-off versus Nikita Kucherov in neutral zone.
14:02 of 1st period - Dalton Prout is hit by David Desharnais and loses puck.
14:07 of 1st period - Snap shot by Brock Nelson.
14:07 of 1st period - Stopped by Mike Smith without a rebound.
14:08 of 1st period - Lars Eller wins face-off versus Nikita Kucherov in Saguenéens zone.
14:49 of 1st period - Penalty to Tanner Richard is over, Tanner Richard is back on ice.
14:55 of 1st period - Carson Mcmillan is hit by Dustin Kohn and loses puck.
15:06 of 1st period - Corey Trivino is hit by Tanner Richard and loses puck.
15:11 of 1st period - Snap shot by Carson Mcmillan.
15:11 of 1st period - Shot Misses the Net.
15:37 of 1st period - Wrist shot by Danny Kristo.
15:37 of 1st period - Stopped by Mike Smith with a rebound.
15:51 of 1st period - Wrist shot by Mason Raymond.
15:51 of 1st period - Shot Misses the Net.
15:53 of 1st period - Wrist shot by Tanner Richard.
15:53 of 1st period - Goal by Tanner Richard - Staline : 0 - Saguenéens : 2.
15:54 of 1st period - Henrik Samuelsson wins face-off versus Lars Eller in neutral zone.
16:19 of 1st period - Jordan Caron is hit by Dalton Prout and loses puck.
16:56 of 1st period - Wrist shot by David Desharnais.
16:56 of 1st period - Shot Misses the Net.
17:38 of 1st period - Andrey Pedan is hit by Craig Cunningham and loses puck.
18:14 of 1st period - Viktor Loov is hit by Brett Lebda and loses puck.
18:54 of 1st period - James Sheppard is hit by Mason Raymond and loses puck.
19:18 of 1st period - Dustin Kohn is hit by Carson Mcmillan and loses puck.
19:29 of 1st period - Luke Witkowski is hit by David Desharnais.
19:47 of 1st period - Icing by Tanner Richard.
19:48 of 1st period - Corey Trivino wins face-off versus Tanner Richard in Saguenéens zone.
Goals for this period are 0 for Staline vs 2 for Saguenéens.
Shots for this period are 8 for Staline vs 12 for Saguenéens.
2nd period
0:01 of 2nd period - Lars Eller wins face-off versus Zac Rinaldo in neutral zone.
1:18 of 2nd period - Jake McCabe is hit by Andrey Pedan and loses puck.
1:30 of 2nd period - Slapshot by Jake McCabe.
1:30 of 2nd period - Shot Blocked by Mike Reilly.
2:04 of 2nd period - Minor Penalty to Mike Reilly for Hooking.
2:05 of 2nd period - Zac Rinaldo wins face-off versus Nick Spaling in Staline zone.
3:33 of 2nd period - Viktor Loov is hit by Juraj Mikus and loses puck.
4:04 of 2nd period - Penalty to Mike Reilly is over, Mike Reilly is back on ice.
4:21 of 2nd period - Slapshot by Dustin Kohn.
4:21 of 2nd period - Shot Blocked by Nick Mattson.
4:23 of 2nd period - Slapshot by Dustin Kohn.
4:23 of 2nd period - Stopped by Mike Smith without a rebound.
4:24 of 2nd period - Tanner Richard wins face-off versus Marek Zagrapan in Saguenéens zone.
4:24 of 2nd period - Tanner Richard is hit by Jordan Szwarz.
4:29 of 2nd period - Off-side.
4:30 of 2nd period - Marek Zagrapan wins face-off versus Tanner Richard in neutral zone.
4:35 of 2nd period - Jordan Szwarz is hit by Dalton Prout and loses puck.
4:44 of 2nd period - Andrey Pedan is hit by Craig Cunningham and loses puck.
4:57 of 2nd period - Slapshot by Lars Eller.
4:57 of 2nd period - Shot Misses the Net.
5:05 of 2nd period - Wrist shot by Mason Raymond.
5:05 of 2nd period - Shot Misses the Net.
5:41 of 2nd period - Snap shot by Teemu Pulkkinen.
5:41 of 2nd period - Stopped by Darcy Kuemper with a rebound.
5:47 of 2nd period - Snap shot by Brock Nelson.
5:47 of 2nd period - Goal by Brock Nelson - Staline : 1 - Saguenéens : 2.
5:48 of 2nd period - Zac Rinaldo wins face-off versus Lars Eller in neutral zone.
5:57 of 2nd period - Slapshot by Lars Eller.
5:57 of 2nd period - Deflect By Brett Lebda.
5:57 of 2nd period - Shot Misses the Net.
5:57 of 2nd period - Puck is out of play.
5:58 of 2nd period - Zac Rinaldo wins face-off versus Lars Eller in Saguenéens zone.
6:30 of 2nd period - Snap shot by Nikita Kucherov.
6:30 of 2nd period - Deflect By Dustin Kohn.
6:30 of 2nd period - Shot Hit the Post.
6:30 of 2nd period - Puck is out of play.
6:31 of 2nd period - David Desharnais wins face-off versus Juraj Mikus in Staline zone.
6:56 of 2nd period - David Desharnais is hit by Jake McCabe and loses puck.
7:09 of 2nd period - Slapshot by Mike Reilly.
7:09 of 2nd period - Stopped by Mike Smith without a rebound.
7:10 of 2nd period - Zac Rinaldo wins face-off versus Lars Eller in Saguenéens zone.
7:17 of 2nd period - Tyler Pitlick is hit by Brett Lebda and loses puck.
7:33 of 2nd period - Icing by Philip Larsen.
7:34 of 2nd period - Marek Zagrapan wins face-off versus Juraj Mikus in Staline zone.
7:34 of 2nd period - Marek Zagrapan is hit by Carl Hagelin.
8:00 of 2nd period - Slapshot by Mason Raymond.
8:00 of 2nd period - Stopped by Darcy Kuemper with a rebound.
8:10 of 2nd period - Snap shot by Zac Rinaldo.
8:10 of 2nd period - Stopped by Darcy Kuemper with a rebound.
8:24 of 2nd period - Mike Reilly is hit by Tanner Richard and loses puck.
8:31 of 2nd period - Snap shot by Rhett Rakhshani.
8:31 of 2nd period - Shot Misses the Net.
8:46 of 2nd period - David Musil is hit by Carl Hagelin and loses puck.
8:51 of 2nd period - Wrist shot by Carson Mcmillan.
8:51 of 2nd period - Shot Blocked by Jordan Caron.
9:10 of 2nd period - Snap shot by Jordan Szwarz.
9:10 of 2nd period - Shot Misses the Net.
9:12 of 2nd period - Snap shot by Nikita Nesterov.
9:12 of 2nd period - Deflect By Luke Witkowski.
9:12 of 2nd period - Stopped by Mike Smith with a rebound.
9:18 of 2nd period - Minor Penalty to Luke Witkowski for Goalie Interference.
9:19 of 2nd period - Tyler Pitlick wins face-off versus Carson Mcmillan in Saguenéens zone.
9:24 of 2nd period - Slapshot by Lars Eller.
9:24 of 2nd period - Shot Blocked by Brett Lebda.
9:30 of 2nd period - Snap shot by Tyler Pitlick.
9:30 of 2nd period - Shot Blocked by Mason Raymond.
9:32 of 2nd period - Snap shot by Nick Spaling.
9:32 of 2nd period - Shot Blocked by Brett Lebda.
9:34 of 2nd period - Snap shot by Nick Spaling.
9:34 of 2nd period - Stopped by Mike Smith with a rebound.
9:50 of 2nd period - Brett Lebda is hit by Brock Nelson.
10:52 of 2nd period - Dalton Prout is hit by Dustin Kohn and loses puck.
11:18 of 2nd period - Penalty to Luke Witkowski is over, Luke Witkowski is back on ice.
11:27 of 2nd period - Jerry D'Amigo is hit by Jordan Szwarz and loses puck.
11:48 of 2nd period - Nikita Kucherov is hit by Corey Trivino and loses puck.
11:55 of 2nd period - Danny Kristo is hit by Mason Raymond and loses puck.
12:19 of 2nd period - Craig Cunningham is hit by Mike Reilly and loses puck.
12:36 of 2nd period - Snap shot by Craig Cunningham.
12:36 of 2nd period - Stopped by Darcy Kuemper without a rebound.
12:37 of 2nd period - Corey Trivino wins face-off versus Juraj Mikus in Staline zone.
12:42 of 2nd period - Carl Hagelin is hit by Corey Trivino and loses puck.
12:59 of 2nd period - Nick Spaling is hit by Jerry D'Amigo and loses puck.
13:06 of 2nd period - Wrist shot by Teemu Pulkkinen.
13:06 of 2nd period - Goal by Teemu Pulkkinen - Staline : 1 - Saguenéens : 3.
13:07 of 2nd period - Zac Rinaldo wins face-off versus Nick Spaling in neutral zone.
13:10 of 2nd period - Philip Larsen is hit by Zac Rinaldo and loses puck.
13:37 of 2nd period - Snap shot by David Desharnais.
13:37 of 2nd period - Stopped by Mike Smith without a rebound.
13:38 of 2nd period - Juraj Mikus wins face-off versus Jordan Caron in Saguenéens zone.
13:45 of 2nd period - Snap shot by Carl Hagelin.
13:45 of 2nd period - Shot Misses the Net.
13:53 of 2nd period - Slapshot by Brock Nelson.
13:53 of 2nd period - Shot Misses the Net.
15:09 of 2nd period - Slapshot by Philip Larsen.
15:09 of 2nd period - Shot Misses the Net.
15:11 of 2nd period - Snap shot by Jordan Caron.
15:11 of 2nd period - Shot Blocked by Dalton Prout.
15:13 of 2nd period - Slapshot by Dustin Kohn.
15:13 of 2nd period - Shot Misses the Net.
15:15 of 2nd period - Snap shot by David Desharnais.
15:15 of 2nd period - Stopped by Mike Smith without a rebound.
15:16 of 2nd period - Lars Eller wins face-off versus Zac Rinaldo in Saguenéens zone.
15:19 of 2nd period - Wrist shot by Lars Eller.
15:19 of 2nd period - Stopped by Mike Smith with a rebound.
15:21 of 2nd period - Wrist shot by Nick Spaling.
15:21 of 2nd period - Stopped by Mike Smith with a rebound.
15:32 of 2nd period - Minor Penalty to Mason Raymond for Hooking.
15:33 of 2nd period - Lars Eller wins face-off versus Carson Mcmillan in Saguenéens zone.
17:32 of 2nd period - Penalty to Mason Raymond is over, Mason Raymond is back on ice.
18:08 of 2nd period - Philip Larsen is hit by Luke Witkowski and loses puck.
18:29 of 2nd period - Slapshot by Nikita Kucherov.
18:29 of 2nd period - Stopped by Darcy Kuemper with a rebound.
18:56 of 2nd period - Brock Nelson is hit by Tanner Richard and loses puck.
19:27 of 2nd period - Tyler Pitlick is hit by Carl Hagelin and loses puck.
19:55 of 2nd period - Henrik Samuelsson is hit by David Musil and loses puck.
Goals for this period are 1 for Staline vs 1 for Saguenéens.
Shots for this period are 9 for Staline vs 6 for Saguenéens.
3rd period
0:01 of 3rd period - Zac Rinaldo wins face-off versus Lars Eller in neutral zone.
0:01 of 3rd period - Brett Lebda is hit by Tyler Pitlick and loses puck.
0:09 of 3rd period - Snap shot by Nikita Kucherov.
0:09 of 3rd period - Deflect By Zac Rinaldo.
0:09 of 3rd period - Shot Blocked by Dustin Kohn.
0:09 of 3rd period - Puck is out of play.
0:10 of 3rd period - Zac Rinaldo wins face-off versus Lars Eller in Staline zone.
0:11 of 3rd period - Wrist shot by Nikita Kucherov.
0:11 of 3rd period - Shot Misses the Net.
0:13 of 3rd period - Wrist shot by Mason Raymond.
0:13 of 3rd period - Deflect By Nikita Kucherov.
0:13 of 3rd period - Stopped by Darcy Kuemper with a rebound.
0:15 of 3rd period - Slapshot by Dalton Prout.
0:15 of 3rd period - Stopped by Darcy Kuemper with a rebound.
0:17 of 3rd period - Wrist shot by Mason Raymond.
0:17 of 3rd period - Shot Misses the Net.
0:19 of 3rd period - Wrist shot by Mason Raymond.
0:19 of 3rd period - Shot Misses the Net.
0:21 of 3rd period - Slapshot by Mason Raymond.
0:21 of 3rd period - Goal by Mason Raymond - Staline : 1 - Saguenéens : 4.
0:22 of 3rd period - Lars Eller wins face-off versus Zac Rinaldo in neutral zone.
0:24 of 3rd period - Minor Penalty to Dustin Kohn for Boarding.
0:25 of 3rd period - Zac Rinaldo wins face-off versus Nick Spaling in Staline zone.
0:37 of 3rd period - Backhand shot by Mason Raymond.
0:37 of 3rd period - Stopped by Darcy Kuemper without a rebound.
0:38 of 3rd period - Zac Rinaldo wins face-off versus Nick Spaling in Staline zone.
0:46 of 3rd period - Snap shot by Mason Raymond.
0:46 of 3rd period - Shot Misses the Net.
0:48 of 3rd period - Wrist shot by Mason Raymond.
0:48 of 3rd period - Goal by Mason Raymond - Staline : 1 - Saguenéens : 5.
0:48 of 3rd period - Allen York enters game.
0:49 of 3rd period - Tyler Pitlick wins face-off versus Zac Rinaldo in neutral zone.
1:14 of 3rd period - Tyler Pitlick is hit by Tanner Richard and loses puck.
1:41 of 3rd period - Juraj Mikus is hit by Viktor Loov.
2:11 of 3rd period - Slapshot by Luke Witkowski.
2:11 of 3rd period - Shot Misses the Net.
2:13 of 3rd period - Wrist shot by Luke Witkowski.
2:13 of 3rd period - Shot Blocked by James Sheppard.
2:23 of 3rd period - Marek Zagrapan is hit by Teemu Pulkkinen and loses puck.
3:04 of 3rd period - Slapshot by Mason Raymond.
3:04 of 3rd period - Deflect By Nikita Kucherov.
3:04 of 3rd period - Shot Blocked by Viktor Loov.
3:04 of 3rd period - Puck is out of play.
3:05 of 3rd period - Zac Rinaldo wins face-off versus Lars Eller in Staline zone.
3:32 of 3rd period - Carl Hagelin is hit by Jordan Caron and loses puck.
3:56 of 3rd period - Off-side.
3:57 of 3rd period - Corey Trivino wins face-off versus Tanner Richard in neutral zone.
4:00 of 3rd period - Slapshot by Dustin Kohn.
4:00 of 3rd period - Stopped by Mike Smith without a rebound.
4:01 of 3rd period - Tanner Richard wins face-off versus Lars Eller in Saguenéens zone.
4:01 of 3rd period - Tanner Richard is hit by Lars Eller.
4:44 of 3rd period - Minor Penalty to Philip Larsen for Roughing.
4:45 of 3rd period - Zac Rinaldo wins face-off versus Nick Spaling in Staline zone.
4:46 of 3rd period - Snap shot by Mason Raymond.
4:46 of 3rd period - Shot Misses the Net.
4:48 of 3rd period - Slapshot by Luke Witkowski.
4:48 of 3rd period - Shot Misses the Net.
4:50 of 3rd period - Slapshot by Jake McCabe.
4:50 of 3rd period - Shot Misses the Net.
4:52 of 3rd period - Snap shot by Jake McCabe.
4:52 of 3rd period - Shot Blocked by Brock Nelson.
4:58 of 3rd period - Snap shot by Mason Raymond.
4:58 of 3rd period - Shot Blocked by Brock Nelson.
5:00 of 3rd period - Slapshot by Luke Witkowski.
5:00 of 3rd period - Goal by Luke Witkowski - Staline : 1 - Saguenéens : 6.
5:01 of 3rd period - Lars Eller wins face-off versus Zac Rinaldo in neutral zone.
5:28 of 3rd period - Juraj Mikus is hit by David Desharnais and loses puck.
5:56 of 3rd period - Icing by Marek Zagrapan.
5:57 of 3rd period - Marek Zagrapan wins face-off versus Tanner Richard in Staline zone.
6:12 of 3rd period - Wrist shot by Marek Zagrapan.
6:12 of 3rd period - Stopped by Mike Smith with a rebound.
6:14 of 3rd period - Snap shot by Jordan Szwarz.
6:14 of 3rd period - Stopped by Mike Smith with a rebound.
6:16 of 3rd period - Slapshot by Jordan Szwarz.
6:16 of 3rd period - Stopped by Mike Smith with a rebound.
6:18 of 3rd period - Slapshot by James Sheppard.
6:18 of 3rd period - Shot Misses the Net.
6:24 of 3rd period - James Sheppard is hit by Craig Cunningham and loses puck.
6:29 of 3rd period - Wrist shot by Rhett Rakhshani.
6:29 of 3rd period - Shot Misses the Net.
6:31 of 3rd period - Snap shot by Craig Cunningham.
6:31 of 3rd period - Shot Blocked by Mike Reilly.
6:33 of 3rd period - Slapshot by Jake McCabe.
6:33 of 3rd period - Shot Misses the Net.
6:35 of 3rd period - Snap shot by Jake McCabe.
6:35 of 3rd period - Stopped by Allen York without a rebound.
6:36 of 3rd period - Lars Eller wins face-off versus Nikita Kucherov in Staline zone.
6:47 of 3rd period - Tyler Pitlick is hit by Luke Witkowski and loses puck.
7:07 of 3rd period - Minor Penalty to Juraj Mikus for Holding.
7:08 of 3rd period - Carson Mcmillan wins face-off versus Lars Eller in Saguenéens zone.
8:59 of 3rd period - Carson Mcmillan is hit by Jordan Szwarz and loses puck.
9:07 of 3rd period - Penalty to Juraj Mikus is over, Juraj Mikus is back on ice.
9:47 of 3rd period - Marek Zagrapan is hit by Rhett Rakhshani.
11:42 of 3rd period - Snap shot by Bryan Bickell.
11:42 of 3rd period - Stopped by Mike Smith without a rebound.
11:43 of 3rd period - Zac Rinaldo wins face-off versus Nick Spaling in Saguenéens zone.
12:11 of 3rd period - Wrist shot by Jordan Szwarz.
12:11 of 3rd period - Deflect By Marek Zagrapan.
12:11 of 3rd period - Shot Misses the Net.
12:11 of 3rd period - Puck is out of play.
12:12 of 3rd period - Juraj Mikus wins face-off versus Jordan Szwarz in Saguenéens zone.
12:20 of 3rd period - Minor Penalty to Marek Zagrapan for Hooking.
12:21 of 3rd period - Nick Spaling wins face-off versus Zac Rinaldo in Staline zone.
12:59 of 3rd period - Snap shot by Juraj Mikus.
12:59 of 3rd period - Shot Misses the Net.
14:20 of 3rd period - Penalty to Marek Zagrapan is over, Marek Zagrapan is back on ice.
14:27 of 3rd period - Nick Spaling is hit by Rhett Rakhshani and loses puck.
14:36 of 3rd period - Slapshot by Craig Cunningham.
14:36 of 3rd period - Stopped by Allen York with a rebound.
14:38 of 3rd period - Slapshot by Rhett Rakhshani.
14:38 of 3rd period - Stopped by Allen York with a rebound.
14:52 of 3rd period - Jerry D'Amigo is hit by Danny Kristo.
15:11 of 3rd period - Wrist shot by Corey Trivino.
15:11 of 3rd period - Shot Blocked by Brett Lebda.
15:13 of 3rd period - Slapshot by Marek Zagrapan.
15:13 of 3rd period - Shot Blocked by Nick Mattson.
15:15 of 3rd period - Slapshot by David Musil.
15:15 of 3rd period - Stopped by Mike Smith without a rebound.
15:16 of 3rd period - Zac Rinaldo wins face-off versus Marek Zagrapan in Saguenéens zone.
15:16 of 3rd period - Zac Rinaldo is hit by Dustin Kohn.
16:02 of 3rd period - Icing by Mike Reilly.
16:03 of 3rd period - Tanner Richard wins face-off versus David Desharnais in Staline zone.
16:04 of 3rd period - Wrist shot by Rhett Rakhshani.
16:04 of 3rd period - Deflect By Craig Cunningham.
16:04 of 3rd period - Shot Misses the Net.
16:04 of 3rd period - Puck is out of play.
16:05 of 3rd period - Tanner Richard wins face-off versus David Desharnais in Staline zone.
16:12 of 3rd period - Snap shot by Rhett Rakhshani.
16:12 of 3rd period - Stopped by Allen York with a rebound.
16:14 of 3rd period - Snap shot by Craig Cunningham.
16:14 of 3rd period - Shot Blocked by Viktor Loov.
16:16 of 3rd period - Snap shot by Tanner Richard.
16:16 of 3rd period - Goal by Tanner Richard - Staline : 1 - Saguenéens : 7.
16:17 of 3rd period - Mason Raymond wins face-off versus Lars Eller in neutral zone.
16:21 of 3rd period - Minor Penalty to Mike Reilly for Tripping.
16:22 of 3rd period - Nick Spaling wins face-off versus Zac Rinaldo in Staline zone.
16:28 of 3rd period - Slapshot by Brock Nelson.
16:28 of 3rd period - Goal by Brock Nelson - Staline : 2 - Saguenéens : 7.
16:29 of 3rd period - Mason Raymond wins face-off versus Nick Spaling in neutral zone.
18:21 of 3rd period - Penalty to Mike Reilly is over, Mike Reilly is back on ice.
18:38 of 3rd period - Lars Eller is hit by Rhett Rakhshani and loses puck.
18:51 of 3rd period - Slapshot by Teemu Pulkkinen.
18:51 of 3rd period - Shot Misses the Net.
18:53 of 3rd period - Snap shot by Teemu Pulkkinen.
18:53 of 3rd period - Stopped by Allen York with a rebound.
18:55 of 3rd period - Wrist shot by Jerry D'Amigo.
18:55 of 3rd period - Stopped by Allen York with a rebound.
19:33 of 3rd period - Lars Eller is hit by Tanner Richard and loses puck.
19:44 of 3rd period - Nikita Kucherov is hit by Jordan Caron.
19:54 of 3rd period - Nick Mattson is hit by Jordan Szwarz and loses puck.
Goals for this period are 1 for Staline vs 4 for Saguenéens.
Shots for this period are 7 for Staline vs 13 for Saguenéens.
Back to the Top